 Dungeon Crawl Stone Soup version 0.22-a0-825-ga28c36f (webtiles) character file.

32 theanonym the Magician (level 3, 0/28 HPs)
             Began as a Mummy Warper on July 24, 2018.
             Slain by a worker ant (5 damage)
             ... on level 1 of the Dungeon.
             The game lasted 00:01:17 (1169 turns).

theanonym the Magician (Mummy Warper)               Turns: 1169, Time: 00:01:18

Health: 0/28       AC:  3    Str: 15    XL:     3   Next: 8%
Magic:  7/7        EV: 11    Int: 12    God:
Gold:   91         SH:  0    Dex: 11    Spells: 7/7 levels left

rFire    x . .     SeeInvis .   a - +0 hand axe
rCold    + . .     Gourm    .   (no shield)
rNeg     + + +     Faith    .   b - +0 leather armour
rPois    ∞         Spirit   .   (no helmet)
rElec    .         Reflect  .   (no cloak)
rCorr    .         Harm     .   (no gloves)
MR       .....                  (no boots)
Stlth    +.........             (no amulet)
HPRegen  0.09/turn              (no ring)
MPRegen  0.10/turn              (no ring)

@: no status effects
A: no food or potions, fire vulnerability, cold resistance 1, negative energy
resistance 3, torment resistance, unbreathing
a: no special abilities


Innate Abilities, Weirdness & Mutations

You do not eat or drink.
Your flesh is vulnerable to fire.
You are immune to poison.
Your flesh is cold resistant. (rC+)
You are immune to negative energy. (rN+++)
You are immune to unholy pain and torment.
You can survive without breathing.


   Skills:
 + Level 2.5 Fighting
 * Level 2.6 Axes
 - Level 0.7 Throwing
 - Level 0.7 Armour
 - Level 1.5 Dodging
 - Level 2.6 Spellcasting
   Level 2.4 Translocations


You had 7 spell levels left.
You didn't know any spells.
Your spell library contained the following spells:

 Spells                   Type           Power        Failure   Level  Hunger
 Teleport Other           Tloc           #.......     34%         3    N/A
 Blink                    Tloc           N/A          17%         2    N/A
 Passage of Golubria      Tloc           N/A          75%         4    N/A
 Shroud of Golubria       Chrm/Tloc      #.........   28%         2    N/A
 Gell's Gravitas          Tloc           #.........   34%         3    N/A
 Lesser Beckoning         Tloc           #.........   34%         3    N/A

Skill      XL: |  1 |
---------------+----+-----
Axes           | 2 |  2.6
Fighting       | |  2.5
Throwing       | |  0.7
Armour         | |  0.7
Dodging        | |  1.5
Spellcasting   | |  2.6
Translocations | |  2.4

Action                   || total
-------------------------++-------
Melee: Hand axe          ||   100
Armor: Leather armour    ||    52
Dodge: Dodged            ||    77

Inventory:

Hand Weapons
 a - a +0 hand axe (weapon)
Missiles
 e - 5 tomahawks of dispersal (quivered)
Armour
 b - a +0 leather armour (worn)
Scrolls
 c - 2 scrolls of identify {unknown}
 d - a scroll of remove curse {unknown}
 B - a scroll of blinking


You were on level 1 of the Dungeon.
You were not hungry.

You visited 1 branch of the dungeon, and saw 2 of its levels.

You collected 91 gold pieces.

Dungeon Overview and Level Annotations

Branches:
Dungeon (2/15)

Altars:

#.................# ##......#..#
#.................####.........#†
#.......................###>.....
#.#...............####.## #..##).
#.##.............÷(÷....###..#...
..##..............(..#...##....#.
##.†...####.......(##.##.......##
..................(#...#.......##
.#....#####....a@..#...#.......##
####### ######...#.#.#÷...##... #
#....##.##.#..#.... #
#........).#.#.....
#........###.#..... #......###
#.#..... #.....## #.#.....
####### ###..... ##....


You could see a worker ant.

Notes
Turn   | Place    | Note
-------+----------+-------------------------------------------
     0 | D:1      | theanonym the Mummy Warper began the quest for the Orb.
     0 | D:1      | Reached XP level 1. HP: 16/16 MP: 4/4
   264 | D:1      | HP: 8/16 [hobgoblin (4)]
   268 | D:1      | Reached skill level 2 in Axes
   468 | D:1      | Reached XP level 2. HP: 14/22 MP: 5/5
   471 | D:1      | HP: 10/22 [giant cockroach (2)]
  1109 | D:1      | Reached XP level 3. HP: 25/28 MP: 7/7
  1153 | D:2      | HP: 14/28 [worker ant (4)]
  1165 | D:2      | HP: 12/28 [worker ant (1)]
  1168 | D:1      | HP: 5/28 [worker ant (3)]
  1169 | D:1      | Slain by a worker ant

Vanquished Creatures
  A ball python (D:1)
  8 bats
  4 giant cockroaches (D:1)
  3 goblins (D:1)
  3 hobgoblins (D:1)
  3 frilled lizards (D:1)
  4 kobolds (D:1)
  4 rats (D:1)
30 creatures vanquished.

Table legend:
 A = Turns spent in this place as a percentage of turns spent in the entire game.
 B = Non-inter-level travel turns spent in this place as a percentage of non-inter-level travel turns spent in the entire game.
 C = Inter-level travel turns spent in this place as a percentage of turns spent in this place.
 D = Turns resting spent in this place as a percentage of non-inter-level travel turns spent in this place.
 E = Turns spent auto-exploring this place as a percentage of non-inter-level travel turns spent in this place.
 F = Non-inter-level travel turns spent in this place divided by the number of levels of this place that you've seen.
                   A       B       C       D       E      F
               +-------+-------+-------+-------+-------+----------------------
         Total | 100.0 | 100.0 |   1.6 |  61.0 |  21.1 | 575.0
       Dungeon | 100.0 | 100.0 |   1.6 |  61.0 |  21.1 | 575.0
               +-------+-------+-------+-------+-------+----------------------
